Unix NetHack Version 5.0.0-0 post-release - last build May  4 2026 22:22:43 (774f63e81ad911689b3a0859ea89b322d5daca8d,branch:main).

Game began 2026-05-09 04:11:18, ended 2026-05-09 04:33:43.

BeardyHaddock, lawful male dwarven Archeologist

                                                                 ------------
                                     -----       -----..         .....)|..|(|
                                   ---...---    --..|...--       ...{).-..-||
                                  --..)....-----|...|.)..|       -.....|....|
                                  |.........--..|........|------ |.--|-------
                                  ---...G.......|-...|...-|.(((| |.|
                              ---..-|..........-|....|-...-.((.| |.|
                  ..-         -.....|-....|.....|..---...-|.(((| |.------
                  ...-      --...|..---e..|.--..|...|....|------ |.......
              ----....--    -...- -...@Y.-|.|------....--|  -----------...|
              |.|......|  .|.........o.---|.|..| -.......|  |!!.).(.++|...|
             --.|....---...).....o.--     |.|..| ...{....|  |.....*+..|..--
             |..|.............---.--   ---|.-..|-.......-|..--------|--..--
           ---..|  ..|.....----        |..|.----........--................|
        --.|....|     -...             |..|......---+-.....-.--........--+-
    --- ........|     |..-             |....------    ..----..---.-..---
   --.|-.....----     |..|             ------               ..| ..|-.|
  --..|....|.---------|.[|                                  -.---.--.-
  |.....---|.........--..|                                   ..  .  ..
  |<..---  ------.......--                                   ----------
  -----            ------
BeardyHaddock the Field Worker  St:13 Dx:11 Co:14 In:16 Wi:14 Ch:10  Lawful
Dlvl:6  $:1021 HP:0(31) Pw:7(7) AC:3  Xp:3 T:3001  Burdened

Latest messages:
 You lash the hill orc.
 The hill orc swings his curved sword.
 The hill orc misses!
 You miss the hill orc.
 The hill orc swings his curved sword.
 The hill orc misses!
 You lash the hill orc.
 The hill orc swings his curved sword.
 The hill orc misses!
 You miss the hill orc.
 The hill orc swings his curved sword.
 The hill orc hits!
 Are you sure you want to pray? [yn] (n) y
 You begin praying to Quetzalcoatl.
 You are surrounded by a shimmering light.
 The hill orc starts to attack you, but pulls back.
 The hill orc starts to attack you, but pulls back.
 The hill orc starts to attack you, but pulls back.
 You finish your prayer.
 You feel that Quetzalcoatl is well-pleased.
 You are surrounded by a golden glow.
 You swap places with the peaceful watch captain.
 The hill orc wields a crossbow!
 The hill orc wields a curved sword!
 The hill orc wields a crossbow!
 The hill orc wields a short sword!
 The hill orc shoots a crossbow bolt!
 A crossbow bolt misses you.
 The hill orc shoots a crossbow bolt!
 The hill orc is hit!
 The hill orc hits!
 The hill orc hits!
 You miss the floating eye.
 You are frozen by the floating eye's gaze!
 The hill orc hits!
 The hill orc hits!
 The hill orc hits!
 The hill orc shoots a crossbow bolt!
 You are hit by a crossbow bolt.
 The hill orc hits!
 The monkey hits!
 The monkey tries to grab your tinning kit but gives up.
 The monkey bites!
 The hill orc hits!
 You die...
 Do you want your possessions identified? [ynq] (y) y
 Do you want to see your attributes? [ynq] (y) n
 Do you want an account of creatures vanquished? [ynaq] (y) n
 Do you want to see your conduct and achievements? [ynq] (y) n
 Do you want to see the dungeon overview? [ynq] (y) n

Inventory:
 Coins    ('$')
  $ - 1021 gold pieces
 Weapons  (')')
  z - 17 +0 arrows
  J - 14 cursed -1 arrows
  A - a +0 bow
  a - a +2 bullwhip (weapon in right hand)
  w - a +0 long sword
 Armor    ('[')
  k - an uncursed +1 elven leather helm (being worn)
  M - an uncursed +0 dwarvish roundshield (being worn)
  W - an uncursed +0 studded leather armor (being worn)
 Comestibles  ('%')
  c - an uncursed food ration
  d - 4 uncursed food rations
 Scrolls  ('?')
  S - an uncursed scroll of create monster
  j - 2 uncursed scrolls of remove curse
  D - an uncursed scroll of taming
 Potions  ('!')
  n - an uncursed potion of healing
 Rings    ('=')
  q - a blessed +1 ring of gain strength
 Wands    ('/')
  N - a wand of striking (0:6)
 Tools    ('(')
  t - an uncursed magic whistle
  h - a +0 pick-axe
  Y - an uncursed skeleton key
  K - an uncursed stethoscope
  l - an uncursed tin whistle
  f - a tinning kit (0:38)
 Gems/Stones  ('*')
  o - an uncursed aquamarine stone
  y - an uncursed flint stone
  g - an uncursed touchstone

BeardyHaddock the Archeologist's attributes:

Background:
 You were a Field Worker, a level 3 male dwarven Archeologist.
 You were lawful, on a mission for Quetzalcoatl
 who was opposed by Camaxtli (neutral) and Huhetotl (chaotic).
 You were right-handed.
 You were in the Gnomish Mines, on level 6.
 You entered the dungeon 3001 turns ago.
 It was nighttime.
 You had 58 experience points, 22 more were needed to attain level 4.

Basics:
 You had 0 out of 31 hit points.
 You had all 7 energy points (spell power).
 Your armor class was 3.
 Your wallet contained 1021 zorkmids.
 Autopickup was off.

Final Characteristics:
 Your strength was 13 (limit:18/100).
 Your dexterity was 11 (limit:20).
 Your constitution was 14 (limit:20).
 Your intelligence was 16 (limit:16).
 Your wisdom was 14 (limit:16).
 Your charisma was 10 (limit:16).

Final Status:
 You weren't hungry.
 You were burdened; movement was slightly slowed.
 You were wielding a whip.
 You had basic skill with whip.

Final Attributes:
 You were piously aligned.
 You had automatic searching.
 You had infravision.
 You were warded.
 You are dead.

Miscellaneous:
 You didn't encounter any bones levels.
 Total elapsed playing time was 22 minutes and 25 seconds.

Major events:
 Turn
    1: BeardyHaddock the lawful male dwarven Archeologist entered the dungeon
  786: entered the Gnomish Mines
 1515: attained the rank of Field Worker (level 3)
 2219: reached Mine Town
 3001: killed by a hill orc, while frozen by a floating eye's gaze

Spells:
 Name                 Level Category     Fail Retention
 light                  1   divination    84%  76%-100%
 create monster         2   clerical     100%  76%-100%
 detect unseen          3   divination   100%  76%-100%

Skills:
 Fighting Skills
   bare handed combat [Unskilled]
   two weapon combat  [Unskilled]
   riding             [Unskilled]
 Weapon Skills
   dagger             [Unskilled]
   knife              [Unskilled]
   pick-axe           [Basic]
   short sword        [Unskilled]
   saber              [Unskilled]
   club               [Unskilled]
   quarterstaff       [Unskilled]
   sling              [Unskilled]
   dart               [Unskilled]
   boomerang          [Unskilled]
   whip               [Basic]
   unicorn horn       [Unskilled]
 Spellcasting Skills
   attack spells      [Unskilled]
   healing spells     [Unskilled]
   divination spells  [Unskilled]
   matter spells      [Unskilled]

Voluntary challenges:
 Character rerolling was not enabled.
 You never genocided any monsters.
 You never polymorphed an object.
 You never changed form.
 You used no wishes.
Achievements:
 You entered the Gnomish Mines.
 You attained the rank of Field Worker.
 You entered Minetown.
 You entered a shop.

 The Dungeons of Doom: levels 1 to 3
    Level 1:
       A fountain, a grave.
    Level 2:
       An altar, a fountain.
       Stairs down to The Gnomish Mines.
    Level 3:
 The Gnomish Mines: levels 3 to 6
    Level 3:
    Level 4:
    Level 5:
    Level 6: <- You were here.
       Some shops, some fountains.
       Final resting place for
          you, killed by a hill orc, while frozen by a floating eye's gaze.


Vanquished creatures:
  2 watchmen
  7 gnome leaders
  a gnomish wizard
  4 dwarves
  a homunculus
  a kobold leader
  2 giant bats
  a dwarf zombie
  2 iguanas
  a giant rat
  a red mold
 27 gnomes
  3 garter snakes
  2 geckos
  5 jackals
  a fox
  a kobold
  3 goblins
  a sewer rat
  2 grid bugs
  2 lichens
  8 newts
78 creatures vanquished.

No species were genocided or became extinct.

Game over:
                       ----------
                      /          \
                     /    REST    \
                    /      IN      \
                   /     PEACE      \
                  /                  \
                  |  BeardyHaddock   |
                  |     1021 Au      |
                  | killed by a hill |
                  |       orc        |
                  |                  |
                  |                  |
                  |       2026       |
                 *|     *  *  *      | *
        _________)/\\_//(\/(/\)/\//\/|_)_______

Goodbye BeardyHaddock the Archeologist...

You died in The Gnomish Mines on dungeon level 6 with 1401 points,
and 1021 pieces of gold, after 3001 moves.
You were level 3 with a maximum of 31 hit points when you died.

